 Dungeon Crawl Stone Soup version 0.30.1-11-g7821555f0a (webtiles) character file.

Game seed: 10399120105628888866

103075 bnorton916 the Gelid (level 15, -8/85 HPs)
             Began as a Deep Elf Conjurer on Jan 6, 2024.
             Was an Initiate of Gozag.
             Shot with an arrow by a satyr (35 damage)
             ... on level 3 of the Shoals.
             The game lasted 01:29:47 (40609 turns).

bnorton916 the Gelid (Deep Elf Conjurer)           Turns: 40609, Time: 01:29:47

Health: -8/85      AC: 16    Str:  8    XL:     15   Next: 88%
Magic:  11/45      EV: 13    Int: 29    God:    Gozag
Gold:   1004       SH:  0    Dex: 13    Spells: 10/45 levels left

rFire   . . .        Q - +1 demon whip (venom)
rCold   + . .        (no shield)
rNeg    . . .        b - +2 troll leather armour
rPois   +            o - +0 helmet
rElec   .            N - +1 cloak {rPois}
rCorr   .            O - +2 pair of gloves of Trumpets {Regen+ Slay+2 Stlth+}
SInv    .            U - +2 pair of boots "Arenaot" {Int+2}
Will    .....        d - amulet of magic regeneration
Stlth   +            u - ring of magical power
HPRegen 1.94/turn    f - ring of protection from cold
MPRegen 0.69/turn

%: no passive effects
@: lit by a corona, weak-willed, gold aura, very slightly contaminated, glowing,
studying 2 skills
A: no striking features
a: Renounce Religion, Potion Petition, Call Merchant, Bribe Branch


You were on level 3 of the Shoals.
You worshipped Gozag.
Gozag was most pleased with you.
You visited 5 branches of the dungeon, and saw 23 of its levels.
You also visited: Ossuary.

You collected 7850 gold pieces.
You spent 3554 gold pieces at shops.
You paid 3292 gold pieces to Gozag.

Inventory:

Hand Weapons
 s - the +4 hand axe of the Unspeakable One {heavy, *Slow rC++ rN+ Will- Stlth+}
   (You took it off a gnoll on level 4 of the Dungeon)

   rC:        It greatly protects you from cold.
   rN:        It protects you from negative energy.
   *Slow:     It may slow you when you take damage.
   Will:      It decreases your willpower.
   Stlth:     It makes you more stealthy.
 Q - a +1 demon whip of venom (weapon)
Missiles
 v - a throwing net
Armour
 b - a +2 troll leather armour (worn)
 o - a +0 helmet (worn)
 N - a +1 cloak of poison resistance (worn)
 O - the +2 pair of gloves of Trumpets (worn) {Regen+ Slay+2 Stlth+}
   (You bought it in a shop on level 1 of the Lair of Beasts)

   Slay:      It affects your accuracy & damage with ranged weapons and melee
   (+2).
   Regen:     It increases your rate of health regeneration.
   Stlth:     It makes you more stealthy.
 U - the +2 pair of boots "Arenaot" (worn) {Int+2}
   (You found it on level 1 of the Lair of Beasts)

   Int:       It affects your intelligence (+2).
Jewellery
 d - an amulet of magic regeneration (around neck)
 f - a ring of protection from cold (right hand)
 j - a ring of resist corrosion
 m - a +6 ring of dexterity
 u - a ring of magical power (left hand)
 C - a ring of fire
 V - a ring of wizardry
Wands
 c - a wand of flame (48)
 r - a wand of roots (16)
 B - a wand of quicksilver (25)
 H - a wand of polymorph (8)
 M - a wand of digging (6)
 Y - a wand of paralysis (9)
Scrolls
 g - 3 scrolls of poison
 h - 2 scrolls of magic mapping
 k - 5 scrolls of teleportation
 l - 4 scrolls of fear
 t - a scroll of torment {unknown}
 w - 7 scrolls of immolation
 x - 3 scrolls of brand weapon
 y - 6 scrolls of vulnerability
 A - 2 scrolls of fog
 E - 5 scrolls of noise
 J - a scroll of enchant weapon
 T - a scroll of butterflies {unknown}
 W - 2 scrolls of blinking
Potions
 e - 4 potions of haste
 i - 5 potions of attraction
 n - 21 potions of curing
 p - 4 potions of lignification
 q - 5 potions of heal wounds
 z - 2 potions of berserk rage
 D - a potion of invisibility
 F - 2 potions of mutation
 I - a potion of cancellation
 K - 2 potions of magic
 L - a potion of might
 P - a potion of ambrosia
 R - 3 potions of flight
 S - a potion of resistance
 Z - 2 potions of brilliance
Miscellaneous
 a - a phial of floods
 G - a piece from Xom's chessboard (15/15)


   Skills:
 * Level 6.9 Fighting
 - Level 4.0 Armour
 - Level 6.0 Dodging
 - Level 2.4 Stealth
 - Level 15.9 Spellcasting
 - Level 14.0 Conjurations
 - Level 8.3 Hexes
 - Level 7.0 Translocations
 + Level 7.0 Fire Magic
 + Level 19.6 Ice Magic
 + Level 7.8 Invocations


You had 10 spell levels left.
You knew the following spells:

 Your Spells              Type           Power      Damage    Failure   Level
a - Ozocubu's Refrigerat  Ice            47%        4d18      1%          7
b - Searing Ray           Conj           100%       2d8       0%          2
c - Fulminant Prism       Conj/Hex       36%        3d18      1%          4
d - Iskenderun's Mystic   Conj/Tloc      71%        2d14      1%          4
f - Ozocubu's Armour      Ice            95%        N/A       0%          3
g - Mephitic Cloud        Conj/Pois/Air  50%        N/A       1%          3
h - Magic Dart            Conj           100%       1d8       0%          1
i - Starburst             Conj/Fire      35%        6d10      6%          6
j - Freezing Cloud        Conj/Ice/Air   36%        6-21      1%          5

Your spell library contained the following spells:

 Spells                   Type           Power      Damage    Failure   Level
 Freeze                   Ice            100%       1d10      0%          1
 Ensorcelled Hibernation  Hex/Ice        100%       N/A       0%          2
 Frozen Ramparts          Ice            100%       1d16      0%          3
 Hailstorm                Conj/Ice       88%        3d18      0%          3
 Dazzling Flash           Conj/Hex       100%       N/A       1%          3
 Vhi's Electric Charge    Tloc/Air       86%        N/A       1%          3
 Volatile Blastmotes      Fire/Tloc      100%       2d18      1%          3
 Ice Form                 Ice/Tmut       68%        N/A       1%          4
 Summon Ice Beast         Ice/Summ       68%        N/A       1%          4
 Ignite Poison            Fire/Tmut/Pois 36%        N/A       3%          3
 Call Imp                 Summ           46%        N/A       4%          2
 Cigotuvi's Dreadful Rot  Necr/Pois/Air  46%        N/A       4%          2
 Sublimation of Blood     Necr           23%        N/A       4%          2
 Arcjolt                  Conj/Air       29%        1d39      4%          5
 Irradiate                Conj/Tmut      29%        3d21      4%          5
 Anguish                  Hex/Necr       23%        N/A       5%          4
 Spider Form              Tmut/Pois      23%        N/A       9%          3
 Silence                  Hex/Air        23%        N/A       14%         5
 Dispel Undead            Necr           23%        3d12      28%         4
 Petrify                  Tmut/Erth      23%        N/A       28%         4
 Agony                    Necr           23%        N/A       63%         5
 Death Channel            Necr           11%        N/A       99%         6
 Maxwell's Capacitive Co  Air            11%        ∞         100%        8


Dungeon Overview and Level Annotations

Branches:
Dungeon (12/15)            Temple (1/1) D:4            Lair (5/5) D:11
 Shoals (3/4) Lair:2       Spider (0/4) Lair:3        Slime (0/5) Lair:5
    Orc (2/2) D:11            Elf (0/3) Orc:2       Ossuary (visited)

Altars:
Ashenzari
Cheibriados
Dithmenos
Elyvilon
Fedhas
Gozag
Hepliaklqana
Kikubaaqudgha
Makhleb
Nemelex Xobeh
Okawaru
Qazlal
Ru
Sif Muna
Trog
Uskayaw
Vehumet
Wu Jian
Xom
Yredelemnul
Zin
The Shining One

Shops:
D:6 (   Orc:1 *   Orc:2 :(([=   Lair:1 [=[:


Message History

The sling bullet hits you! The faun casts a spell at you.
Your willpower is stripped away!
Casting: Ozocubu's Refrigeration (dangerous; 1% risk of failure)
Confirm with . or Enter, or press ? or * to list all spells.
The heat is drained from your surroundings.
The satyr is lightly wounded.
You kill the faun!
The faun is moderately wounded.
The faun is severely wounded.
The satyr plays a rousing melody on his pipes!
The fauns go into a battle-frenzy!
The faun unwields a +0 spear.
The faun wields a +0 sling.
The faun shoots a sling bullet.
The sling bullet hits you!
The faun shoots a sling bullet.
The sling bullet hits you but does no damage.
The satyr shoots an arrow.
The arrow barely misses you.
Casting: Ozocubu's Refrigeration (dangerous; 1% risk of failure)
Confirm with . or Enter, or press ? or * to list all spells.
The heat is drained from your surroundings.
The satyr is severely wounded.
The faun is heavily wounded.
You kill the faun!
You hear a splash. x2
The faun shoots a sling bullet.
The sling bullet hits you!
The satyr plays a rousing melody on his pipes!
Your Fire Magic skill increases to level 7!
The satyr shoots an arrow.
The arrow hits you!!
Casting: Ozocubu's Refrigeration (dangerous; 1% risk of failure)
Confirm with . or Enter, or press ? or * to list all spells.
The heat is drained from your surroundings.
The satyr is almost dead.
You kill the faun!
The satyr plays a lulling melody on his pipes!
You fall asleep.
The satyr shoots an arrow.
The arrow hits you!!
You wake up.
* * * LOW HITPOINT WARNING * * *
The satyr shoots an arrow.
The arrow hits you!!
You die...
Your body crumbles into a pile of gold.

~≈≈≈~~...~..≈≈≈~~~~~~~~~~
~~~~~~~~≈≈≈~~....~..~~$~~
~~~~~~≈≈≈≈≈≈.........~~~~
~~~.~..~≈≈≈~...~~....~~~~~≈≈~~~~~
≈~~.....≈≈~~~...~...~~~~~~~~≈≈~~~
≈~~...#.~.≈≈≈..$...~~~~~~~~~≈≈≈≈~
≈~~..###..≈≈~.~...#..~~~~~~~≈≈≈≈≈
≈~~~.###..~...~..##..~~~~~~~≈≈≈≈≈
≈~~~..[..$......@#..~~~~~~~<~≈≈~.
≈~~~~....c.~$..##....~~~~~...~~..
~~~~~~...t.$..~.##....~~~~...~~~~
~~~~~~~~~$...~~.......~~~<##..!~>
~~~....~(.~.~~~.....~~....###.~~~
~~~~...~~~~~~~.####..$....$$.~~~~
~~~~~..[~~~~~~..# #....###.$~~~~~
~~~~~~~~~~~~~~~~###.#### #..~~~~~
~..~~~~~.~~~~~~~$...# ##.~~~~~


You could see a satyr and a snapping turtle.

Vanquished Creatures
  Jorgrun (Shoals:1)
  Gastronok (Lair:5)
  Ilsuiw (Shoals:2)
  An orc warlord (Orc:2)
  A merfolk impaler (Shoals:2)
  Josephine (Orc:2)
  Erolcha (D:10)
  2 hydras
  Erica (D:9)
  A boulder beetle (Lair:3)
  A satyr (Shoals:3)
  3 two-headed ogres (D:10)
  10 death yaks
  11 skysharks
  An orc high priest (Orc:2)
  Amaemon (Lair:1)
  A pharaoh ant (Lair:3)
  7 sea snakes
  A goliath frog (Lair:4)
  Lodul (D:11)
  Pikel (D:6)
  15 harpies
  3 orc knights (Orc:2)
  13 fauns
  5 manticores
  4 oklob plants (Lair:3)
  A cyclops (Shoals:1)
  An orc sorcerer (Orc:2)
  4 merfolk sirens
  A water nymph (Shoals:1)
  5 black mambas
  12 elephants
  An orange demon (Lair:1)
  A torpor snail (Lair:5)
  18 cane toads
  2 rime drakes
  8 komodo dragons
  An anaconda simulacrum (Lair:1)
  2 polar bears
  4 trolls
  10 merfolk
  2 tyrant leeches (Lair:4)
  4 wind drakes
  2 tarantellas (Lair:3)
  A hornet (D:10)
  26 blink frogs
  4 dream sheep (Shoals:1)
  5 snapping turtles
  A jumping spider (Lair:3)
  7 water elementals
  2 shadows
  6 wyverns
  6 wraiths
  A spriggan (Lair:4)
  A dire elephant simulacrum (Lair:1)
  Eustachio (D:5)
  2 basilisks
  75 yaks
  Sigmund (D:5)
  9 vampire mosquitoes
  3 steam dragons
  3 wargs (Orc:2)
  17 water moccasins
  2 black bears
  41 orc warriors
  2 sky beasts
  An ice beast (D:7)
  15 ogres
  13 wolves
  A centaur (D:10)
  4 lemures (D:6)
  A phantom (D:3)
  4 kobold brigands
  Blork the orc (D:5)
  16 bullfrogs
  A gnoll sergeant (D:11)
  A scorpion (D:6)
  5 wights (D:8)
  4 killer bees (D:5)
  2 blink frog simulacra (Lair:1)
  4 electric eels
  3 howler monkeys
  A centaur zombie (Ossuary)
  10 hounds
  2 jellies (D:6)
  2 human zombies (Ossuary)
  22 orc priests
  Crazy Yiuf (D:4)
  2 gnoll boudas
  An iron imp (D:7)
  Jessica (D:3)
  A sleepcap (D:4)
  4 iguanas
  Natasha (thrice) (D:4)
  29 orc wizards
  A statue (D:10)
  A yak simulacrum (Lair:1)
  2 mummies (Ossuary)
  Robin (D:3)
  6 adders
  19 gnolls
  A white imp (D:5)
  A steam dragon simulacrum (Lair:1)
  2 ufetubi (D:5)
  An adder zombie (Ossuary)
  2 worms
  2 dart slugs
  75 orcs
  5 ball pythons
  5 bats
  10 endoplasms
  6 giant cockroaches
  12 goblins
  11 hobgoblins
  2 jackals (D:2)
  25 kobolds
  2 quokkas
  4 frilled lizards
  10 hobgoblin zombies (Ossuary)
  8 kobold zombies (Ossuary)
  10 orc zombies (Ossuary)
  5 rats
  5 rat zombies (Ossuary)
773 creatures vanquished.

Vanquished Creatures (others)
  160 fulminant prisms
160 creatures vanquished.

Grand Total: 933 creatures vanquished

Notes
Turn   | Place    | Note
-------+----------+-------------------------------------------
     0 | D:1      | bnorton916 the Deep Elf Conjurer began the quest for the
                  | Orb.
     0 | D:1      | Reached XP level 1. HP: 10/10 MP: 6/6
   318 | D:1      | Reached XP level 2. HP: 15/15 MP: 3/8
   590 | D:1      | Learned a level 2 spell: Searing Ray
  1229 | D:2      | Reached skill level 5 in Conjurations
  1229 | D:2      | Reached XP level 3. HP: 8/19 MP: 2/10
  2010 | D:2      | Learned a level 3 spell: Frozen Ramparts
  2183 | D:3      | Noticed Robin
  2186 | D:3      | Killed Robin
  2187 | D:3      | Reached XP level 4. HP: 24/24 MP: 7/12
  2496 | D:3      | Reached skill level 1 in Ice Magic
  2644 | D:3      | Learned a level 4 spell: Fulminant Prism
  2659 | D:3      | Noticed a phantom
  2678 | D:3      | Killed a phantom
  2679 | D:3      | Reached skill level 5 in Spellcasting
  2679 | D:3      | Reached skill level 2 in Ice Magic
  2679 | D:3      | Reached XP level 5. HP: 23/28 MP: 7/14
  2714 | D:3      | Learned a level 4 spell: Iskenderun's Mystic Blast
  2768 | D:3      | Noticed Jessica
  2770 | D:3      | Killed Jessica
  3344 | D:4      | Reached skill level 1 in Translocations
  3360 | D:4      | Reached skill level 1 in Hexes
  3478 | D:4      | Found a staircase to the Ecumenical Temple.
  3501 | D:4      | Found a runed translucent door.
  3502 | D:4      | Noticed Crazy Yiuf
  3547 | Temple   | Entered the Ecumenical Temple
  3823 | Temple   | Became a worshipper of Gozag Ym Sagoz the Greedy
  3899 | D:4      | Reached XP level 6. HP: 31/32 MP: 12/16
  3905 | D:4      | Identified the +4 hand axe of the Unspeakable One {heavy,
                  | *Slow rC++ rN+ Will- Stlth+}
  4277 | D:4      | Reached skill level 3 in Ice Magic
  4618 | D:4      | Reached XP level 7. HP: 15/36 MP: 6/18
  4783 | D:4      | Found an ancient bone altar of Kikubaaqudgha.
  4791 | D:4      | Noticed Natasha
  4799 | D:4      | Killed Natasha
  4806 | D:4      | Noticed Natasha
  4839 | D:4      | Killed Natasha
  4877 | D:4      | Noticed Natasha
  4899 | D:4      | Killed Natasha
  5251 | D:4      | Killed Crazy Yiuf
  5543 | D:5      | Entered Level 5 of the Dungeon
  5569 | D:5      | Noticed Blork the orc
  5584 | D:5      | Noticed Sigmund
  5585 | D:5      | Killed Blork the orc
  5722 | D:5      | Killed Sigmund
  5723 | D:5      | Reached skill level 4 in Ice Magic
  5849 | D:5      | Noticed Eustachio
  5870 | D:5      | Killed Eustachio
  5871 | D:5      | Reached XP level 8. HP: 37/41 MP: 20/20
  6396 | D:5      | Reached skill level 5 in Hexes
  6629 | D:6      | Noticed Pikel
  6645 | D:6      | Killed Pikel
  6646 | D:6      | Reached skill level 5 in Translocations
  6687 | D:6      | Found Xiecw's Weapon Shop.
  6757 | D:6      | Reached XP level 9. HP: 45/45 MP: 23/23
  6815 | D:6      | Found a sand-covered staircase.
  6824 | Ossuary  | Entered an ossuary
  9485 | D:6      | Found a white marble altar of Elyvilon.
  9886 | D:7      | Found a snail-covered altar of Cheibriados.
  9941 | D:7      | Found a basalt altar of Yredelemnul.
 10412 | D:7      | Found a sacrificial altar of Ru.
 10596 | D:7      | Found a burning altar of Makhleb.
 11156 | D:8      | Reached skill level 10 in Spellcasting
 11525 | D:8      | Reached XP level 10. HP: 50/50 MP: 26/26
 12684 | D:9      | Learned a level 3 spell: Ozocubu's Armour
 12738 | D:9      | Reached skill level 1 in Armour
 12835 | D:9      | Noticed Erica
 12844 | D:9      | Killed Erica
 12845 | D:9      | Reached skill level 5 in Ice Magic
 13178 | D:10     | Entered Level 10 of the Dungeon
 13232 | D:10     | Noticed Erolcha
 13388 | D:10     | Killed Erolcha
 13389 | D:10     | Reached skill level 6 in Ice Magic
 13634 | D:10     | Found an ornate altar of the Wu Jian Council.
 13639 | D:10     | Noticed a two-headed ogre
 13652 | D:10     | Killed a two-headed ogre
 13670 | D:10     | Noticed a two-headed ogre
 13682 | D:10     | Killed a two-headed ogre
 13683 | D:10     | Reached skill level 7 in Ice Magic
 13825 | D:10     | Reached skill level 8 in Ice Magic
 14094 | D:10     | Found a sparkling altar of Nemelex Xobeh.
 14197 | D:10     | Reached XP level 11. HP: 50/54 MP: 27/27
 14430 | D:10     | Found a radiant altar of Vehumet.
 14680 | D:10     | Learned a level 3 spell: Mephitic Cloud
 14849 | D:11     | Noticed a two-headed ogre
 14858 | D:10     | Reached skill level 9 in Ice Magic
 14859 | D:10     | Killed a two-headed ogre
 15018 | D:11     | Noticed a boulder beetle
 15694 | D:11     | Noticed a boulder beetle
 15697 | D:11     | Noticed Lodul
 15893 | D:11     | Reached skill level 10 in Ice Magic
 16102 | D:11     | Killed Lodul
 16624 | D:11     | Reached skill level 11 in Ice Magic
 17503 | D:11     | Found a staircase to the Orcish Mines.
 17580 | D:11     | Found a staircase to the Lair.
 17728 | D:12     | Noticed a boulder beetle
 17877 | Lair:1   | Entered Level 1 of the Lair of Beasts
 17878 | Lair:1   | Noticed a death yak
 17879 | Lair:1   | Noticed a death yak
 17879 | Lair:1   | Noticed a death yak
 17881 | Lair:1   | Noticed a death yak
 17882 | Lair:1   | Noticed a death yak
 17886 | Lair:1   | Killed a death yak
 17886 | Lair:1   | Killed a death yak
 17887 | Lair:1   | Reached skill level 12 in Ice Magic
 18304 | D:11     | Killed a death yak
 18377 | D:11     | Killed a death yak
 18378 | D:11     | Reached skill level 13 in Ice Magic
 18721 | Lair:1   | Killed a death yak
 18722 | Lair:1   | Reached XP level 12. HP: 48/59 MP: 12/28
 19049 | Lair:1   | Bought a +0 cloak of poison resistance for 119 gold pieces
 19049 | Lair:1   | Bought the +2 pair of gloves of Trumpets {Regen+ Slay+2
                  | Stlth+} for 457 gold pieces
 19090 | Lair:1   | Bought a +1 troll leather armour for 308 gold pieces
 19168 | Lair:1   | Found a transporter.
 19194 | Lair:1   | Reached skill level 14 in Ice Magic
 20115 | Lair:1   | Noticed Amaemon
 20127 | Lair:1   | Reached skill level 10 in Conjurations
 20128 | Lair:1   | Killed Amaemon
 20396 | Lair:1   | Found a transporter.
 20397 | Lair:1   | Found the +1 cloak of Starlight {*Dazzle EV+4 Stlth--}
 21344 | Lair:1   | Identified the +2 pair of boots "Arenaot" {Int+2}
 21622 | Lair:2   | Noticed a six-headed hydra
 21978 | Lair:2   | Reached skill level 15 in Ice Magic
 22077 | Lair:2   | Killed a six-headed hydra
 22385 | Lair:2   | Found a staircase to the Shoals.
 23136 | Lair:3   | Reached XP level 13. HP: 57/63 MP: 27/31
 23759 | Lair:3   | Learned a level 7 spell: Ozocubu's Refrigeration
 24516 | Lair:3   | Noticed Gastronok
 24775 | Lair:3   | Found a white marble altar of Elyvilon.
 24880 | Lair:3   | Found a hole to the Spider Nest.
 25400 | Lair:4   | Reached skill level 16 in Ice Magic
 25570 | Lair:4   | Reached skill level 5 in Dodging
 27239 | Lair:5   | Entered Level 5 of the Lair of Beasts
 28305 | Lair:4   | Reached XP level 14. HP: 50/68 MP: 34/34
 29312 | Lair:5   | Reached skill level 15 in Spellcasting
 30463 | Lair:5   | Killed Gastronok
 30607 | Lair:5   | Reached skill level 17 in Ice Magic
 32154 | Lair:5   | Identified the +1 robe of Kuixt {rF+ rN+++ Will- rCorr}
 32249 | Lair:5   | Found a staircase to the Slime Pits.
 32502 | Lair:1   | Bought a glowing troll leather armour for 360 gold pieces
 32548 | Lair:1   | Learned a level 6 spell: Starburst
 32573 | Orc:1    | Entered Level 1 of the Orcish Mines
 32911 | Orc:1    | Found Iawnenac's Incredible Inventory.
 32925 | Orc:1    | Bought a manual of Ice Magic for 960 gold pieces
 33057 | Orc:2    | Entered Level 2 of the Orcish Mines
 33064 | Orc:2    | Reached skill level 1 in Fire Magic
 33229 | Orc:2    | Reached skill level 1 in Fighting
 33230 | Orc:2    | Noticed Josephine
 33388 | Orc:2    | Killed Josephine
 33564 | Orc:2    | Found Ehumn's Weapon Shop.
 34084 | Orc:2    | Found Huygam's Book Shoppe.
 34091 | Orc:2    | Bought a Trismegistus Codex for 390 gold pieces
 34097 | Orc:2    | Learned a level 5 spell: Freezing Cloud
 34322 | Orc:2    | Noticed an orc warlord
 34351 | Orc:2    | Reached skill level 18 in Ice Magic
 34847 | Orc:2    | Killed an orc warlord
 35224 | Orc:2    | Found a staircase to the Elven Halls.
 35392 | Orc:2    | Found Qojelaiss's Jewellery Boutique.
 35516 | Orc:2    | Found Ypyjodiq's Antique Weapon Boutique.
 35521 | Orc:2    | Found Datew's Antique Armour Shop.
 36063 | Orc:1    | Bought a manual of Invocations for 960 gold pieces
 36180 | Shoals:1 | Entered Level 1 of the Shoals
 36184 | Shoals:1 | Reached skill level 1 in Invocations
 36574 | Shoals:1 | Reached XP level 15. HP: 78/78 MP: 25/36
 37119 | Shoals:1 | Reached skill level 5 in Fire Magic
 37196 | Shoals:1 | Noticed Jorgrun
 37202 | Shoals:1 | Killed Jorgrun
 37686 | Shoals:1 | Reached skill level 5 in Fighting
 38549 | Shoals:2 | Reached skill level 5 in Invocations
 38657 | Shoals:2 | Noticed Ilsuiw
 38664 | Shoals:2 | Killed Ilsuiw
 38969 | Shoals:2 | Reached skill level 19 in Ice Magic
 40609 | Shoals:3 | Shot with an arrow by a satyr

Illustrated notes

Levels and vault maps discovered:
D:1:      minmay_arrival_shattered_statue, layout_rooms,
          serial_co_window_serial, co_window_cross_1, co_window_paths_b,
          co_window_paths_b, co_window_paths_a, co_window_cross_1,
          co_window_paths_c, co_window_corner_b, co_window_broadway_a,
          co_window_corner_b, co_window_of_opportunity_b, co_window_4corner_a,
          glass_columns_b, glass_columns_c, glass_columns_b, glass_columns_b,
          glass_columns_c
D:2:      layout_loops_ring
D:3:      layout_basic, uniq_jessica, uniq_robin
D:4:      layout_basic, mainiacjoe_overflow_catwalk,
          minmay_temple_entry_poolview, uniq_crazy_yiuf_cottage, uniq_natasha
D:5:      layout_cave_pools, serial_column_ruins, column_ruins_open_tiny,
          column_ruins_open_large, column_ruins_columns_plus,
          column_ruins_corridor_dead_end, moated_statue, uniq_blork_the_orc,
          uniq_eustachio, uniq_sigmund
D:6:      layout_cave_pools, mainiacjoe_overflow_surrounded_room,
          nicolae_ossuary_entry_monument, serial_shops,
          nicolae_inconvenience_store, uniq_pikel
D:7:      layout_basic, slow_altar_2, nicolae_ru_great_annihilating_truth,
          mainiacjoe_overflow_alcove_4, lemuel_doored_altar
D:8:      layout_basic, lemuel_flamethrower_2
D:9:      layout_basic, uniq_erica
D:10:     layout_roguey, vehumet_statue, general_overflow_altar,
          lemuel_coloured_pillars_altar, uniq_erolcha
D:11:     layout_cave_pools, erik_lair_island, orc_0_dummy, uniq_lodul
D:12:     layout_big_octagon, nicolae_shop_self_help
Temple:   oiseaux_autumnal_temple
Lair:1:   gammafunk_cloud_chamber, layout_cave_pods, uniq_amaemon
Lair:2:   layout_loops_ring, minmay_shoals_entry_hut, gauntlet_entry_generic
Lair:3:   hellmonk_destroyed_diamonds, layout_misc_corridors,
          nicolae_spider_entry_lesser_pyramids, basic_altar, dpeg_oklob_1,
          uniq_gastronok
Lair:4:   layout_loops_ring, grunt_forest_stairs_clearing, serial_bayou_shore_a
Lair:5:   minmay_lair_end_frog_pond, layout_regular_city,
          dpeg_slime_entry_enclosed
Shoals:1: layout_shoals, nicolae_shoals_lost_giant_temple, uniq_jorgrun
Shoals:2: layout_shoals, uniq_ilsuiw
Shoals:3: layout_shoals, nicolae_shoals_wave_tunnel
Orc:1:    layout_caves, nicolae_alphabet_shops
Orc:2:    grunt_orc_community_town_hall, layout_caves,
          grunt_orc_community_big_house_2, grunt_orc_community_big_house_2,
          grunt_orc_community_house_2, grunt_orc_community_house_3,
          grunt_orc_community_house_2, grunt_orc_community_house_3,
          serial_shops, shop, portal_ice_cave_entry_pillars_1, uniq_josephine

Skill      XL: |  1  2  3  4  5  6  7  8  9 10 11 12 13 14 15 |
---------------+----------------------------------------------+-----
Spellcasting   | 4 5 6 7 8 10 12 14 15 | 15.9
Conjurations   | 5 6 7 8 9 11 13 14 | 14.0
Ice Magic      | 2 3 4 8 13 15 16 18 19 | 19.6
Translocations | 1 2 3 5 7 |  7.0
Hexes          | 1 2 4 6 8 |  8.3
Armour         | 4 |  4.0
Dodging        | 6 |  6.0
Fire Magic     | 4 7 |  7.0
Fighting       | 3 6 |  6.9
Invocations    | 1 7 |  7.8
Stealth        | |  2.4

Action                     |  1- 3 |  4- 6 |  7- 9 | 10-12 | 13-15 || total
---------------------------+-------+-------+-------+-------+-------++-------
  Melee: Unarmed           |       |     2 |       |       |       ||     2
         Dagger            |       |       |    13 |    25 |    22 ||    60
         Demon whip        |       |       |       |       |    17 ||    17
   Cast: Magic Dart        |    76 |    93 |   181 |    99 |   150 ||   599
         Searing Ray       |     3 |    17 |    42 |    47 |    79 ||   188
         Fulminant Prism   |       |     3 |    23 |    61 |    75 ||   162
         Frozen Ramparts   |       |     2 |     3 |    25 |    40 ||    70
         Iskenderun's Myst |       |       |    20 |   129 |   117 ||   266
         Ozocubu's Armour  |       |       |       |    17 |     6 ||    23
         Mephitic Cloud    |       |       |       |    12 |     5 ||    17
         Ozocubu's Refrige |       |       |       |       |   212 ||   212
         Freezing Cloud    |       |       |       |       |    14 ||    14
 Invoke: Call Merchant     |       |       |       |     3 |     1 ||     4
  Evoke: Wand              |       |       |       |     1 |       ||     1
    Use: Scroll            |       |       |    12 |     9 |    13 ||    34
         Potion            |       |       |       |     4 |     2 ||     6
 Armour: Robe              |     3 |     9 |    25 |    33 |       ||    70
         Troll leather arm |       |       |       |    37 |   113 ||   150
  Dodge: Dodged            |     3 |    20 |    37 |   121 |   197 ||   378
